 Dungeon Crawl Stone Soup version 0.21-a0-137-g951aa02 (webtiles) character file.

1599 qqqbard the Cudgeler (level 8, 0/51 HPs)
             Began as a Gargoyle Fighter on July 18, 2017.
             Was a Believer of the Shining One.
             Slain by an orc warrior
             ... wielding a +0 scimitar
              (9 damage)
             ... on level 6 of the Dungeon.
             The game lasted 00:08:23 (4449 turns).

qqqbard the Cudgeler (Gargoyle Fighter)             Turns: 4449, Time: 00:08:23

Health: 0/51       AC: 19    Str: 24    XL:     8   Next: 94%
Magic:  8/8        EV:  5    Int:  9    God:    the Shining One [**....]
Gold:   266        SH: 11    Dex:  9    Spells: 7/7 levels left

rFire    . . .     SeeInvis .   a - +0 flail
rCold    . . .     Gourm    .   c - +1 shield
rNeg     + + .     Faith    .   e - +0 plate armour
rPois    ∞         Spirit   .   B - +0 helmet
rElec    +         Reflect  .   (no cloak)
rCorr    .         Harm     .   (no gloves)
MR       .....                  (no boots)
Stlth    ..........             (no amulet)
HPRegen  0.17/turn              g - +2 ring of strength
MPRegen  0.11/turn              (no ring)

@: glowing
A: negative energy resistance 1, electricity resistance, unbreathing,
petrification resistance, rot immunity, AC +5
a: Divine Shield, Renounce Religion


You were on level 6 of the Dungeon.
You worshipped the Shining One.
The Shining One was pleased with you.
You were not hungry.

You visited 2 branches of the dungeon, and saw 7 of its levels.
You also visited: Ossuary.

You collected 266 gold pieces.

Inventory:

Hand Weapons
 a - a +0 flail (weapon)
Armour
 c - a +1 shield (worn)
 e - a +0 plate armour (worn)
 B - a +0 helmet (worn)
Jewellery
 g - a +2 ring of strength (left hand)
Wands
 h - a wand of confusion (10/48)
 l - a wand of flame (47/48)
 w - a wand of flame (24/48)
Scrolls
 b - 2 scrolls of enchant weapon
 i - 2 scrolls of amnesia
 m - 4 scrolls of identify
 n - a scroll of teleportation
 p - 7 scrolls of remove curse
 u - 2 scrolls of immolation
 y - 2 scrolls of noise {unknown}
 F - a scroll of magic mapping {unknown}
Potions
 d - 2 potions of might
 k - a potion of agility {unknown}
 o - 2 potions of mutation {unknown}
 q - a potion of magic {unknown}
 r - 3 potions of curing {unknown}
 t - a potion of resistance {unknown}
 x - 2 potions of heal wounds {unknown}
 C - 11 potions of degeneration {unknown}
 D - a potion of flight {unknown}
 E - a potion of cancellation {unknown}
Books
 v - a book of Cantrips

   Spells                             Type                      Level
   a - Confusing Touch                Hexes                        1
   b - Animate Skeleton               Necromancy                   1
   c - Summon Small Mammal            Summoning                    1
   d - Apportation                    Translocation                1
Comestibles
 f - 3 bread rations
 j - 2 royal jellies
 s - 2 fruits
 z - a chunk of flesh
 A - 3 meat rations


   Skills:
 + Level 6.0 Fighting
 * Level 7.0 Maces & Flails
 + Level 6.4 Armour
 + Level 1.0 Dodging
 + Level 6.2 Shields


You had 7 spell levels left.
You didn't know any spells.

Dungeon Overview and Level Annotations

Branches:
Dungeon (6/15)             Temple (1/1) D:4

Altars:
Ashenzari
Cheibriados
Dithmenos
Elyvilon
Fedhas
Gozag
Hepliaklqana
Kikubaaqudgha
Makhleb
Ru
Sif Muna
Trog
Xom
Yredelemnul
The Shining One

Annotations:
D:2 exclusion: oklob plant


Innate Abilities, Weirdness & Mutations

You are resistant to torment.
Your stone body is resilient. (AC +5)
You are immune to poison.
You resist negative energy. (rN+)
You are resistant to electric shocks. (rElec)
You can survive without breathing.
You are immune to petrification.
You are immune to rotting.


Message History

The jackal zombie bites you but does no damage.
The orc warrior hits you with a scimitar.
The bullfrog hits you but does no damage.
The jackal zombie barely misses you.
The bullfrog hits you but does no damage.
You sock the bullfrog!
The bullfrog is heavily wounded.
You block the bullfrog's attack.
You sock the bullfrog!
You kill the bullfrog!
Your Dodging skill increases to level 1!
You hit the orc warrior but do no damage.
You completely miss the orc warrior. You block the orc warrior's attack.
You hit the orc warrior but do no damage.
The orc warrior hits you with a scimitar!
* * * LOW HITPOINT WARNING * * *
You sock the orc warrior!
The orc warrior is moderately wounded.
The orc warrior hits you with a scimitar!
You die...

#.#...# # #.#... . #.#.#..###..
.### #.#.#.....?.
...##.#.#....... ### .
.........)....... ..
.........ooo....... .
#.#.#.####o#Z.....#
#.#.#.####@#......# #
####.#.#......#....... #.##
#........#......#..###.# #...
#.####...#.....##..###.#########
...............'................
#.####...#.....##...#####.######
#.# ##...#.######...#####.#.....
.#.###......######.........#.####
.#.............#.....####..#.####


You could see an orc warrior and 3 orcs.

Vanquished Creatures
  The ghost of Croanthos the Skirmisher, an amateur FoFi (D:4)
  A necrophage (D:5)
  An ogre (D:4)
  A bullfrog (D:6)
  6 scorpions
  3 crimson imps
  A bullfrog skeleton (D:5)
  A human zombie (Ossuary)
  2 hounds
  10 orc wizards
  An orc priest (D:4)
  A centaur skeleton (D:3)
  Ijyb (D:4)
  2 worker ants
  2 big kobold zombies (Ossuary)
  A hound skeleton (D:5)
  4 mummies (Ossuary)
  2 adders
  2 shadow imps (D:5)
  An adder skeleton (D:6)
  2 worms
  3 dart slugs
  7 leopard geckos
  20 orcs
  5 giant cockroaches
  9 goblins
  5 hobgoblins
  3 jackals
  A quokka (D:2)
  4 bats
  4 frilled lizards
  5 kobolds
  3 kobold zombies (Ossuary)
  2 leopard gecko skeletons (D:6)
  2 orc zombies (Ossuary)
  A rat (D:1)
120 creatures vanquished.

Vanquished Creatures (others)
  An adder (D:4)
  An orc (D:4)
  A quokka (D:4)
3 creatures vanquished.

Grand Total: 123 creatures vanquished

Notes
Turn   | Place    | Note
-------+----------+-------------------------------------------
     0 | D:1      | qqqbard the Gargoyle Fighter began the quest for the Orb.
     0 | D:1      | Reached XP level 1. HP: 14/14 MP: 1/1
   299 | D:1      | Reached XP level 2. HP: 19/19 MP: 2/2
   602 | D:2      | Found a faded altar of an unknown god.
   648 | D:2      | Reached XP level 3. HP: 21/23 MP: 3/3
   802 | D:2      | Found a blossoming altar of Fedhas.
   815 | D:2      | Noticed an oklob plant
  1193 | D:3      | Reached skill level 3 in Maces & Flails
  1385 | D:3      | Reached XP level 4. HP: 28/29 MP: 4/4
  1393 | D:3      | Reached XP level 5. HP: 23/33 MP: 5/5
  1864 | D:4      | Noticed Croanthos's ghost (amateur FoFi)
  1881 | D:4      | Killed Croanthos's ghost
  1881 | D:4      | Reached skill level 4 in Maces & Flails
  1881 | D:4      | Reached XP level 6. HP: 20/39 MP: 6/6
  2040 | D:4      | Found a white marble altar of Elyvilon.
  2040 | D:4      | Noticed Ijyb
  2150 | D:4      | Reached skill level 5 in Shields
  2150 | D:4      | Reached XP level 7. HP: 20/44 MP: 7/7
  2168 | D:4      | Reached skill level 5 in Maces & Flails
  2179 | D:4      | Killed Ijyb
  2343 | D:4      | Found a bloodstained altar of Trog.
  2560 | D:4      | Reached skill level 5 in Armour
  2777 | D:4      | Found a staircase to the Ecumenical Temple.
  2783 | Temple   | Entered the Ecumenical Temple
  3033 | Temple   | Became a worshipper of the Shining One
  3110 | D:4      | Reached skill level 5 in Fighting
  3191 | D:5      | Entered Level 5 of the Dungeon
  3246 | D:5      | Reached skill level 6 in Maces & Flails
  3246 | D:5      | Reached XP level 8. HP: 37/49 MP: 8/8
  3847 | D:5      | Reached * piety under the Shining One
  4017 | D:6      | Found a sand-covered staircase.
  4025 | Ossuary  | Entered an ossuary
  4194 | Ossuary  | Reached ** piety under the Shining One
  4439 | D:6      | Reached skill level 7 in Maces & Flails
  4445 | D:6      | Reached skill level 1 in Dodging
  4449 | D:6      | Slain by an orc warrior

Vault maps used:
D:1:      dpeg_arrival_stonehenge_8_columns
D:2:      first_bread, chequers_ecumenical_altar_simple_redux, tgw_fedhas
D:4:      bloody_trog, elyvilon_altar_4, minmay_temple_entry_crystal_x,
          uniq_ijyb
D:5:      hangedman_decor_opposing
D:6:      lemuel_round_altar, nicolae_ossuary_entry_plus, dk_rats_in_the_wall
Temple:   hc_temple_tempest_star
Ossuary:  ossuary_crypta

Skill      XL: |  1  2  3  4  5  6  7  8 |
---------------+-------------------------+-----
Maces & Flails | 3 4 6 7 |  7.0
Shields        | 4 5 6 |  6.2
Armour         | 4 5 6 |  6.4
Fighting       | 4 5 6 |  6.0
Dodging        | 1 |  1.0

Action                   |  1- 3 |  4- 6 |  7- 9 || total
-------------------------+-------+-------+-------++-------
Melee: Flail             |   200 |   165 |   336 ||   701
  Use: Potion            |       |     1 |       ||     1
       Scroll            |       |       |     8 ||     8
  Eat: Chunk             |     2 |     2 |     9 ||    13
Armor: Plate armour      |   207 |   196 |   282 ||   685
       Scale mail        |     1 |       |       ||     1
Dodge: Dodged            |    38 |    29 |    60 ||   127
Block: Shield            |   142 |    85 |   170 ||   397
